cohdb
Replays
Latest Replays
All Replays
Popular Replays
Top Player Replays
Match Explorer
How It Works
Community
CoH3 Stats
Reddit
Sign in to upload your games and track your stats! →
Sign in with Steam
Match 44331063
Unlisted
Match 44331063
Overview
Messages
Build Orders
End
Construct Barracks
Selects Advanced Infantry Battlegroup
Scout Squad
Riflemen Squad
1⁄4-ton 4x4 Truck
Selects Convert to Ranger Squad
Convert to Ranger Squad
Ranger Squad
Infantry Support Center
Selects Artillery Observers
Engineer Squad
Construct Tank Depot
Selects Frontline Medical Station
Frontline Medical Station
Frontline Medical Station
M4A1 Sherman Medium Tank
Selects Ranger Weapon Training
Ranger Squad
M1918 Browning Automatic Rifles
Survival Training
Sunshine
Turin Turambar
Promax39
Joraad
AVLXN
FlyNavy19
0
0
Comments
sign in to comment!
No comments posted yet!